[Event "*** Titled Tuesday Blitz"]
[Site "Chess.com"]
[Date "2020.11.24"]
[Round "2"]
[White "lifeissofun"]
[Black "J36225"]
[Result "0-1"]
[WhiteElo "2255"]
[BlackElo "2468"]
[TimeControl "180+1"]
[EndTime "10:33:23 PST"]
[Termination "J36225 won by resignation"]

1. e4 e5 2. Nf3 Nc6 3. Bb5 a6 4. Ba4 Nf6 5. O-O Nxe4 6. d4 b5 7. Bb3 d5 8. dxe5 Be6 9. Re1 Bc5 10. Be3 Bxe3 11. Rxe3 O-O 12. Nc3 Nxc3 13. Rxc3 Ne7 14. Nd4 Qd7 15. a4 b4 16. Rg3 c5 17. Nxe6 fxe6 18.
Qg4 Nf5 19. Rh3 Qf7 20. c3 bxc3 21. Rxc3 Nd4 22. Rf1 Nxb3 23. Rxb3 Rab8 24. Qg3 c4 25. Rxb8 Rxb8 26. Qc3 Qb7 27. Qa5 Qxb2 28. Qxa6 Qb6 29. Qxb6 Rxb6 30. a5 Ra6 31. Ra1 Kf7 32. f4 Ke7 33.
Kf2 Kd7 34. Ke3 Kc6 35. Kd4 g6 36. g4 Kb5 37. f5 gxf5 38. gxf5 exf5 39. Kxd5 c3 40.
Kd4 c2 41. Kd3 Rxa5 42. Rxa5+ Kxa5 43. Kxc2 Kb5 44. Kd3 Kc5 45. Ke3 Kd5 46. Kf4 Ke6 47. h3 h6 48. h4 h5 49. Kg5 Kxe5 50. Kxh5 f4 51. Kg4 Ke4 52. h5 f3 53. h6 f2 54. h7 f1=Q 55. h8=Q Qg1+ 56. Kh5 Qh1+ 57. Kg6 Qxh8 0-1

[Event "*** Titled Tuesday Blitz"]
[Site "Chess.com"]
[Date "2020.11.24"]
[Round "2"]
[White "mc4chess"]
[Black "manipun1"]
[Result "1-0"]
[WhiteElo "2452"]
[BlackElo "2240"]
[TimeControl "180+1"]
[EndTime "10:33:24 PST"]
[Termination "mc4chess won by checkmate"]

1. Nf3 d5 2. c4 c6 3. g3 Nf6 4. Bg2 g6 5. b3 Bg7 6. Bb2 O-O 7. O-O Bg4 8. d3 Nbd7 9. Nbd2 a5 10. a3 Qc7 11.
Rc1 dxc4 12. Nxc4 Bxf3 13. Bxf3 e5 14. b4 a4 15. b5 c5 16. Bc3 b6 17. Bxa8 Rxa8 18. e4 Ne8 19. f4 Nd6 20. Rb1 Rd8 21. Qxa4 exf4 22. Bxg7 Kxg7 23. Rxf4 Nxc4 24. Qxc4 Ne5 25.
Qa2 Rxd3 26. Rbf1 Qd7 27. R4f2 Qd4 28. Qd5 Qc3 29. Rxf7+ Kh6 30. R1f4 Rxd5 31. exd5 Qe1+ 32. Kg2 Qe2+ 33. Kh3 Nd3 34. Rh4+ Kg5 35. Rhxh7 Nf2+ 36. Kg2 Ng4+ 37. Kg1 Qe1+ 38. Kg2 Qe4+ 39. Kg1 Qxd5 40. h4# 1-0

[Event "*** Titled Tuesday Blitz"]
[Site "Chess.com"]
[Date "2020.11.24"]
[Round "2"]
[White "szachuspl"]
[Black "anemih"]
[Result "0-1"]
[WhiteElo "2495"]
[BlackElo "2324"]
[TimeControl "180+1"]
[EndTime "10:33:25 PST"]
[Termination "anemih won by resignation"]

1. d4 d5 2. c4 e6 3. Nc3 Nf6 4. Nf3 Be7 5. Bf4 O-O 6. e3 Nbd7 7. Qc2 c5 8. dxc5 Nxc5 9. Rd1 Qa5 10. a3 Nce4 11. Be5 Ng4 12. Bd4 Ngxf2 13. Qxf2 Nxf2 14. Kxf2 dxc4 15. Bxc4 b6 16. Rhf1 Bb7 17. Kg1 Rac8 18.
Be2 Rfd8 19. Ne5 f6 20. Nc4 Qg5 21. e4 b5 22. Be3 Qg6 23. Nd2 a6 24. Bf3 Bc5 25.
Bxc5 Rxc5 26. Nb3 Rcc8 27. Na5 Ba8 28. Rfe1 Qg5 29. Nb3 Qe5 30. h3 g5 31. Kh1 Kg7 32. Nd2 Kg6 33. Nf1 h5 34. Ne3 Bc6 35. Rf1 a5 36.
Nc2 g4 37. hxg4 hxg4 38. Bxg4 Rh8+ 39. Bh3 Bxe4 40. Nxe4 Qxe4 41. Rd4 Rxh3+ 42. Kg1 Qxc2 43. gxh3 Qxb2 44. Rg4+ Kf7 45. Rgf4 Rc2 46. Rxf6+ Qxf6 47. Rxf6+ Kxf6 0-1

[Event "*** Titled Tuesday Blitz"]
[Site "Chess.com"]
[Date "2020.11.24"]
[Round "2"]
[White "MillyNeuf"]
[Black "Khnykin_Nikolay"]
[Result "1-0"]
[WhiteElo "2387"]
[BlackElo "2070"]
[TimeControl "180+1"]
[EndTime "10:33:25 PST"]
[Termination "MillyNeuf won on time"]

1. e4 e6 2. d4 d5 3. Nd2 c5 4. exd5 exd5 5. Ngf3 Nf6 6. Bb5+ Nc6 7. O-O Be7 8. dxc5 Bxc5 9. Nb3 Bb6 10. c3 O-O 11. Nbd4 Nxd4 12. Nxd4 Ne4 13. Be3 a6 14.
Ba4 Qh4 15. Bc2 Bc7 16. g3 Nxg3 17. fxg3 Bxg3 18. Qe2 Bg4 19. Qg2 Bc7 20. Bf4 Bb6 21.
Qg3 Qh5 22. Rae1 Rfe8 23. Kg2 Rac8 24. Bb3 Bxd4 25. cxd4 Re4 26. Be5 Be2 27. Rf4 g5 28. Rxe4 dxe4 29. Bxf7+ Kxf7 30. Qf2+ Kg8 31. Qxe2 g4 32.
Qxe4 Qh3+ 33. Kg1 1-0

[Event "*** Titled Tuesday Blitz"]
[Site "Chess.com"]
[Date "2020.11.24"]
[Round "2"]
[White "LPSupi"]
[Black "sara_khm"]
[Result "0-1"]
[WhiteElo "2928"]
[BlackElo "2578"]
[TimeControl "180+1"]
[EndTime "10:33:26 PST"]
[Termination "sara_khm won by resignation"]

1. d4 Nf6 2. c4 e6 3. Nf3 b6 4. a3 Bb7 5. Nc3 Ne4 6. Nxe4 Bxe4 7. Bg5 Be7 8. Bxe7 Qxe7 9. e3 O-O 10. Bd3 Bxd3 11. Qxd3 d6 12. Qe4 Nd7 13. O-O c5 14. Rfd1 cxd4 15. Qxd4 Nc5 16. Qxd6 Qxd6 17. Rxd6 Nb3 18.
Rad1 Rac8 19. Ne5 Na5 20. Rd7 f6 21. Nd3 Rf7 22. Rxf7 Kxf7 23. Rc1 e5 24. Kf1 Rxc4 25. Rxc4 Nxc4 26. e4 Nd2+ 27. Ke2 Nxe4 28. f4 Nc5 29.
Nb4 exf4 30. Nc6 a5 31. b4 axb4 32. axb4 Ne6 33. b5 Nc7 34. Nd4 g5 35. Kf3 Kg6 36. g3 fxg3 37. hxg3 f5 38. Ke3 Kf6 39. Kf3 h5 40. Ke3 Ne6 41. Nc6 f4+ 42. gxf4 Nxf4 43. Nb4 h4 44. Kf3 Kf5 45. Nc6 g4+ 46. Kf2 g3+ 47.
Kf3 g2 48. Kf2 h3 49. Nd4+ Ke4 50. Nc2 h2 0-1

[Event "*** Titled Tuesday Blitz"]
[Site "Chess.com"]
[Date "2020.11.24"]
[Round "2"]
[White "Aleksey_Sorokin"]
[Black "VSERGUEI"]
[Result "1-0"]
[WhiteElo "2814"]
[BlackElo "2513"]
[TimeControl "180+1"]
[EndTime "10:33:26 PST"]
[Termination "Aleksey_Sorokin won on time"]

1. d4 d5 2. c4 c6 3. Nf3 Nf6 4. e3 Bf5 5. Nc3 e6 6. Nh4 Bg6 7. Nxg6 hxg6 8. Bd3 Nbd7 9. O-O Bd6 10. h3 Qe7 11. c5 Bc7 12. f4 O-O 13. b4 b6 14.
Bd2 a5 15. a3 axb4 16. axb4 bxc5 17. bxc5 Ba5 18. Qc2 Nh5 19. Rfe1 Qh4 20. Reb1 Ng3 21. Be1 Bxc3 22. Qxc3 g5 23. Kh2 Nf6 24. Rxa8 Rxa8 25. Bxg3 Ng4+ 26. Kh1 Qxg3 27. hxg4 g6 28. Qe1 Qxg4 29.
fxg5 Kg7 30. Qf2 Qxg5 31. Rf1 f5 32. Qf4 Qxf4 33. exf4 Ra4 34. Re1 1-0

[Event "*** Titled Tuesday Blitz"]
[Site "Chess.com"]
[Date "2020.11.24"]
[Round "2"]
[White "EdmundPlayer"]
[Black "Dinamo3"]
[Result "1/2-1/2"]
[WhiteElo "2127"]
[BlackElo "2398"]
[TimeControl "180+1"]
[EndTime "10:33:27 PST"]
[Termination "Game drawn by repetition"]

1. e4 c5 2. Nf3 d6 3. d4 cxd4 4. Nxd4 Nf6 5. Nc3 a6 6. h3 e5 7. Nde2 b5 8. g4 b4 9. Nd5 Nxd5 10. exd5 g6 11. Bg2 Bg7 12. Be3 O-O 13. Qd2 f5 14. gxf5 gxf5 15. f4 e4 16. Qxb4 a5 17. Qd2 Bxb2 18.
Rb1 Bf6 19. O-O Na6 20. Bb6 Qe8 21. Bxa5 Qa4 22. Bc3 Qxa2 23. Bxf6 Rxf6 24. Qc3 Rg6 25. Qc6 Nc5 26. Ra1 Qxa1 27. Rxa1 Rxa1+ 28. Kh2 Bd7 29. Qc7 Re1 30. Nd4 Rd1 31. Qd8+ Kf7 32. Ne6 Nxe6 33.
Qxd7+ Kf6 34. Qxe6+ Kg7 35. Qe7+ Kh6 36. Qh4+ Kg7 37. Qe7+ Kg8 38. Qe8+ Kg7 39. Qe7+ 1/2-1/2

[Event "*** Titled Tuesday Blitz"]
[Site "Chess.com"]
[Date "2020.11.24"]
[Round "2"]
[White "Chernobay_Artem"]
[Black "Itk04"]
[Result "0-1"]
[WhiteElo "2692"]
[BlackElo "2495"]
[TimeControl "180+1"]
[EndTime "10:33:28 PST"]
[Termination "Itk04 won by resignation"]

1. d4 Nf6 2. c4 e6 3. Nf3 b6 4.
g3 Ba6 5. b3 Bb4+ 6. Bd2 Be7 7.
Bg2 O-O 8. Bc3 d5 9. Nbd2 Nbd7 10. Ne5 Bb7 11. O-O c6 12. e4 Nxe5 13. dxe5 Nxe4 14. Nxe4 dxe4 15. Bxe4 Qxd1 16. Raxd1 Rfd8 17. f4 g6 18. Kf2 Kf8 19. Kf3 h5 20. h3 Rxd1 21. Rxd1 Rd8 22. Rxd8+ Bxd8 23. Bb4+ Ke8 24. Bd6 Kd7 25. b4 Ba6 26. Bd3 Be7 27. Ke3 Bxd6 28. exd6 c5 29. b5 Bb7 30. g4 hxg4 31. hxg4 Kxd6 32. g5 a5 33. a3 Bg2 34. Be2 e5 35. Bd3 Ke6 36. Kf2 Bh3 37. Ke3 Bf5 38. Be2 f6 39. Bf3 exf4+ 40. Kxf4 fxg5+ 41. Kxg5 Ke5 42. Bd5 Kd4 43.
Kf6 Bd3 44. Ke7 g5 45. Kd6 Bxc4 46. Bf3 Bxb5 47. Kc7 Bd3 48. Kxb6 a4 49. Ka5 Bc2 50. Kb5 Bb3 51. Be2 c4 0-1

[Event "*** Titled Tuesday Blitz"]
[Site "Chess.com"]
[Date "2020.11.24"]
[Round "2"]
[White "Zajdanek"]
[Black "korbul"]
[Result "1-0"]
[WhiteElo "2328"]
[BlackElo "2554"]
[TimeControl "180+1"]
[EndTime "10:33:28 PST"]
[Termination "Zajdanek won by resignation"]

1. e4 c5 2. Nf3 e6 3. b3 b6 4. Bb2 Bb7 5. Bd3 Nf6 6. e5 Nd5 7.
O-O Nc6 8. a3 f5 9. exf6 Nxf6 10. Nc3 Be7 11. Ne4 O-O 12. Qe2 Qc7 13. Rae1 Rae8 14. Nxf6+ Bxf6 15. Bxf6 Rxf6 16. Qe4 g6 17. Qh4 Ref8 18. Ng5 h5 19. f4 Nd4 20. Ne4 Rxf4 21. Qg5 Rxf1+ 22. Bxf1 d5 23. Nf6+ Rxf6 24. Qxf6 Qf7 25. Qd8+ Kg7 26. Bd3 Nc6 27. Qd6 Nd4 28. Rf1 Nf5 29. Bxf5 gxf5 30. Re1 Bc8 31. Qb8 d4 32.
Qxc8 Kf6 33. Qd8+ Kg6 34. h4 c4 35. Qg5+ Kh7 36. bxc4 d3 37. cxd3 Qd7 38. Re3 Qd4 39.
Qe7+ Kh8 40. Qxe6 Qg4 41. Qf6+ Kg8 42. Re8+ 1-0

[Event "*** Titled Tuesday Blitz"]
[Site "Chess.com"]
[Date "2020.11.24"]
[Round "2"]
[White "margarita_2703"]
[Black "ZenBull"]
[Result "1-0"]
[WhiteElo "2410"]
[BlackElo "2112"]
[TimeControl "180+1"]
[EndTime "10:33:29 PST"]
[Termination "margarita_2703 won on time"]

1. Nf3 Nf6 2. d4 e6 3. b3 Be7 4. Bb2 O-O 5. Nbd2 b6 6. e4 d6 7. Bd3 Bb7 8. O-O Nbd7 9. Qe2 c5 10. c4 cxd4 11. Nxd4 Rc8 12. f4 Qc7 13. Kh1 Qb8 14. Rf3 Rfd8 15. Rh3 Nf8 16. e5 dxe5 17. fxe5 Ne8 18.
Rf1 Bc5 19. Bxh7+ Nxh7 20. Qh5 Rd7 21. Qxh7+ Kf8 22. Nxe6+ Ke7 23. Nf3 Bxf3 24. Rhxf3 fxe6 25. Qh4+ Nf6 26. exf6+ Kd6 27. fxg7 Kc6 28. Qe4+ Kc7 29. Be5+ Bd6 30. Bxd6+ Rxd6 31. Rf8 Rdd8 32. Rxd8 Rxd8 33. Qe5+ Kb7 34. Qxb8+ Kxb8 35. Rf8 1-0

[Event "*** Titled Tuesday Blitz"]
[Site "Chess.com"]
[Date "2020.11.24"]
[Round "2"]
[White "Sviridov_Valery"]
[Black "Zhani-Z"]
[Result "1-0"]
[WhiteElo "2826"]
[BlackElo "2517"]
[TimeControl "180+1"]
[EndTime "10:33:31 PST"]
[Termination "Sviridov_Valery won on time"]

1. Nf3 d5 2. g3 c6 3. Bg2 Bg4 4.
O-O e6 5. d4 Nd7 6. Nbd2 Ngf6 7. Re1 Be7 8. e4 O-O 9. c3 Bh5 10. e5 Ne8 11. h3 c5 12. Nf1 Nc7 13. g4 Bg6 14. Ng3 Rc8 15. Bf4 cxd4 16. Nxd4 Nc5 17. Bf1 f6 18. exf6 Bxf6 19. Qd2 Bh4 20. Qe3 Qf6 21.
Be5 Qf7 22. Bg2 Ne4 23. Rf1 Bxg3 24. fxg3 Qe7 25. Rxf8+ Kxf8 26. h4 Kg8 27. Rf1 h6 28. Qf4 Ne8 29. g5 hxg5 30. hxg5 N8d6 31. Bxd6 Nxd6 32.
Bh3 Nf5 33. Nxf5 Bxf5 34. Bxf5 exf5 35. Qxf5 Rd8 36. g6 Qe3+ 37. Kh2 Qh6+ 38. Kg2 Qd2+ 39. Rf2 1-0

[Event "*** Titled Tuesday Blitz"]
[Site "Chess.com"]
[Date "2020.11.24"]
[Round "2"]
[White "JustKid"]
[Black "Dedic8"]
[Result "0-1"]
[WhiteElo "2508"]
[BlackElo "2795"]
[TimeControl "180+1"]
[EndTime "10:33:31 PST"]
[Termination "Dedic8 won by resignation"]

1. d4 d5 2. Bf4 Nf6 3. e3 c5 4.
dxc5 Nc6 5. Bb5 e6 6. b4 a5 7. c3 Bd7 8. Qb3 Be7 9. Nf3 O-O 10.
O-O Qe8 11. a4 b6 12. Bxc6 Bxc6 13. b5 Bb7 14. c6 Bc8 15. h3 Ne4 16. Nbd2 Nc5 17.
Qc2 f6 18. Bc7 Bd8 19. Bxd8 Qxd8 20. c4 e5 21. cxd5 Qxd5 22. e4 Qf7 23. Nc4 Qc7 24.
Rfd1 Be6 25. Rac1 Bxc4 26. Qxc4+ Qf7 27. Rd5 Rfd8 28. Rxd8+ Rxd8 29. Qxf7+ Kxf7 30. Rxc5 bxc5 31. b6 Ke6 32. c7 Rd1+ 33. Kh2 Kd7 34. Nh4 g6 35.
Nf5 0-1

[Event "*** Titled Tuesday Blitz"]
[Site "Chess.com"]
[Date "2020.11.24"]
[Round "2"]
[White "FMalexhdez"]
[Black "BigAl"]
[Result "0-1"]
[WhiteElo "2273"]
[BlackElo "2471"]
[TimeControl "180+1"]
[EndTime "10:33:31 PST"]
[Termination "BigAl won by resignation"]

1. e4 c6 2. d4 d5 3. exd5 cxd5 4. Bd3 Nc6 5. c3 Qc7 6. Ne2 Bg4 7. f3 Bd7 8. Bf4 e5 9. dxe5 Nxe5 10. Bc2 Nf6 11. O-O Bd6 12. Kh1 O-O 13. Nd2 Rfe8 14. Nd4 Ng6 15.
Bxd6 Qxd6 16. Bxg6 hxg6 17. Re1 Qf4 18. Qc2 Qh4 19.
Rxe8+ Rxe8 20. Nf1 g5 21. Kg1 g4 22. Qf2 Qg5 23. Re1 Rxe1 24. Qxe1 gxf3 25. Nxf3 Qf4 26. Ng3 Ne4 27. Nxe4 dxe4 28. Nd4 f5 29. g3 Qe5 30. Qe3 b6 31. h4 Be8 32. Qf4 Qe7 33. Nxf5 Qc5+ 34. Ne3 Bg6 35. Kg2 Qb5 36. Qf2 Qd3 37.
a3 a5 38. g4 Bf7 39. Kg3 a4 40. Kf4 Qd6+ 41. Kxe4 Bg6+ 42. Kf3 Qe5 43. Qg3 Be4+ 44.
Kf2 Qb5 45. Qe5 Qxe5 0-1

[Event "*** Titled Tuesday Blitz"]
[Site "Chess.com"]
[Date "2020.11.24"]
[Round "2"]
[White "rududuyk"]
[Black "onnoelgersma"]
[Result "1-0"]
[WhiteElo "2171"]
[BlackElo "2408"]
[TimeControl "180+1"]
[EndTime "10:33:31 PST"]
[Termination "rududuyk won by resignation"]

1. e4 c6 2. d4 d5 3. exd5 cxd5 4. Bd3 Nc6 5. c3 g6 6. Nf3 Qc7 7. O-O Bf5 8. Bxf5 gxf5 9. Re1 Nf6 10. Qd3 Ne4 11.
b4 a6 12. a4 Rg8 13. Na3 e6 14. b5 Na5 15. Ne5 Bd6 16. c4 Bxe5 17. dxe5 Nxc4 18.
Nxc4 Qxc4 19. Qxc4 dxc4 20. Ba3 O-O-O 21. bxa6 bxa6 22. Rac1 c3 23. f3 Ng5 24. Kf2 Rd2+ 25. Re2 Kb7 26. Rxc3 Rxe2+ 27. Kxe2 h5 28. Be7 Nh7 29.
g3 Nf8 30. Rb3+ Ka7 31. Bc5+ Ka8 32. Rd3 Ng6 33. f4 Rc8 34. Be3 h4 35. Rd7 Rc2+ 36.
Bd2 hxg3 37. hxg3 Ra2 38. a5 Ra3 39. Be1 Kb8 40. Rxf7 Kc8 41. Rg7 Ra2+ 42. Kf1 Nh8 43. Rg8+ 1-0

[Event "*** Titled Tuesday Blitz"]
[Site "Chess.com"]
[Date "2020.11.24"]
[Round "2"]
[White "OsorioFernando"]
[Black "BAS8892"]
[Result "1-0"]
[WhiteElo "2330"]
[BlackElo "2603"]
[TimeControl "180+1"]
[EndTime "10:33:32 PST"]
[Termination "OsorioFernando won by resignation"]

1. e4 c5 2. Nc3 Nc6 3. g3 g6 4. Bg2 Bg7 5. d3 e6 6. Be3 d6 7. Qd2 Nd4 8. Nd1 Ne7 9. c3 Ndc6 10.
Bh6 O-O 11. h4 f6 12. Bxg7 Kxg7 13. h5 g5 14. h6+ Kh8 15. f4 gxf4 16. gxf4 e5 17.
Nf2 d5 18. O-O-O d4 19. c4 Rb8 20. Nf3 b5 21. fxe5 fxe5 22. Rdf1 bxc4 23. dxc4 Be6 24. b3 a5 25. Nd3 Qd6 26. Qg5 Ng6 27. Nh4 Nce7 28.
Rxf8+ Rxf8 29. Rf1 Rxf1+ 30. Bxf1 Bc8 31. Nf5 Bxf5 32. exf5 e4 33. fxg6 exd3 34. g7+ Kg8 35. Bxd3 Qe6 36. Kb2 Qe1 37. Qxc5 Qd2+ 38. Ka3 Qe3 39. Bf5 d3 40. Qxe3 1-0

[Event "*** Titled Tuesday Blitz"]
[Site "Chess.com"]
[Date "2020.11.24"]
[Round "2"]
[White "Mikhail_Golubev"]
[Black "shriyanasmallya"]
[Result "1-0"]
[WhiteElo "2587"]
[BlackElo "1678"]
[TimeControl "180+1"]
[EndTime "10:33:32 PST"]
[Termination "Mikhail_Golubev won by checkmate"]

1. e4 e5 2. Nf3 Nc6 3. Bb5 Nge7 4.
Nc3 a6 5. Bc4 h6 6. d4 exd4 7.
Nxd4 Ng6 8. O-O d6 9. Nxc6 bxc6 10. f4 Be7 11. Bxf7+ Kxf7 12. Qh5 Bf6 13. f5 Bd4+ 14. Kh1 Kg8 15. fxg6 Bxc3 16. bxc3 Qe7 17. Bd2 Be6 18. Rf2 Rf8 19. Raf1 Rxf2 20. Rxf2 Bxa2 21. Qf5 Be6 22. Qa5 h5 23. Qxa6 Qe8 24. Qf1 Qxg6 25. Rf3 Kh7 26. Rg3 Qf6 27. Qe1 Qe5 28. Kg1 Qf6 29.
Bg5 d5 30. Bxf6 dxe4 31. Qd2 g6 32. Qe3 Rf8 33. Qg5 Ra8 34. Qxg6# 1-0

[Event "*** Titled Tuesday Blitz"]
[Site "Chess.com"]
[Date "2020.11.24"]
[Round "2"]
[White "kingnb"]
[Black "Chernov_Mikhail"]
[Result "1-0"]
[WhiteElo "2605"]
[BlackElo "2327"]
[TimeControl "180+1"]
[EndTime "10:33:32 PST"]
[Termination "kingnb won by resignation"]

1. d4 d5 2. Nf3 Nc6 3. e3 Bg4 4. Bb5 Qd6 5. c4 dxc4 6. Nc3 e6 7. O-O a6 8. Bxc4 Nf6 9. h3 Bh5 10. a3 Be7 11. b4 O-O 12. Bb2 Rad8 13. Rc1 e5 14. dxe5 Nxe5 15. Be2 Bxf3 16. Qxd6 Rxd6 17. gxf3 Rd2 18. Ba1 Rfd8 19. Rfd1 c6 20. f4 Rxd1+ 21. Rxd1 Rxd1+ 22. Nxd1 Ned7 23. Kf1 Nd5 24. Bf3 Bf6 25. Bxd5 Bxa1 26. Bb3 Kf8 27. Ke2 Ke7 28. Kd3 Bf6 29. f3 Nb6 30. e4 g6 31. Ne3 Bb2 32. a4 Ba3 33. a5 Nc8 34. Nc2 Bc1 35. f5 gxf5 36.
exf5 Nd6 37. Nd4 Bb2 38. f6+ Kxf6 39. Ne2 Ke5 40. f4+ Kf6 41. Kc2 Ba3 42. Kc3 Kf5 43. Bc2+ Ke6 44. Kb3 Nb5 45. Bd3 Bxb4 46. Kxb4 Nd6 47.
Bxh7 Kd5 48. Bd3 1-0

[Event "*** Titled Tuesday Blitz"]
[Site "Chess.com"]
[Date "2020.11.24"]
[Round "2"]
[White "Anna_ChessMate"]
[Black "kai_nov"]
[Result "0-1"]
[WhiteElo "2587"]
[BlackElo "2338"]
[TimeControl "180+1"]
[EndTime "10:33:32 PST"]
[Termination "kai_nov won by resignation"]

1. d4 d5 2. c4 e6 3. Nf3 c6 4. Nc3 dxc4 5. e3 b5 6. a4 Bb4 7. Bd2 a5 8. Be2 Nf6 9. O-O O-O 10. Ne5 Qb6 11. Bf3 Bb7 12. b3 Bxc3 13. Bxc3 Nd5 14.
Be1 cxb3 15. Qxb3 b4 16. Bd2 c5 17. Nc4 Qc7 18. e4 Nf6 19. e5 Bxf3 20. exf6 Bd5 21. fxg7 Rc8 22. Rac1 cxd4 23. Rc2 Bxc4 24. Qf3 Nd7 25. Rfc1 Nb6 26. Bf4 Qd7 27. h4 d3 28.
Rd2 Qd5 29. Qg3 b3 30. h5 Qxh5 31. Be5 Qf5 32. Bd4 Nd5 33. Re1 Nf4 34. Re5 Ne2+ 35. Rdxe2 dxe2 36. Kh2 Qg6 37. Rg5 Qh6+ 0-1

[Event "*** Titled Tuesday Blitz"]
[Site "Chess.com"]
[Date "2020.11.24"]
[Round "2"]
[White "SchieberSpieler"]
[Black "Limelight2727"]
[Result "0-1"]
[WhiteElo "2352"]
[BlackElo "1924"]
[TimeControl "180+1"]
[EndTime "10:33:34 PST"]
[Termination "Limelight2727 won by resignation"]

1. Nf3 Nf6 2. c4 g6 3. d4 Bg7 4. g3 d5 5. Bg2 O-O 6. O-O c5 7. dxc5 Nc6 8. Nc3 dxc4 9. Qa4 Nd4 10. Nxd4 Qxd4 11. Be3 Qg4 12. Rfd1 Bd7 13. Qb4 Bc6 14. Rd4 Qe6 15. Qxc4 Bxg2 16. Qxe6 fxe6 17. Kxg2 Nd5 18.
Rd3 Nxe3+ 19. Rxe3 Bd4 20. Rf3 Bxc5 21. Ne4 Bd6 22. Rd1 Rxf3 23. exf3 Rd8 24. Nc5 b6 25. Nxe6 Rc8 26. Rd2 h6 27. Nd4 a6 28. f4 Kf7 29.
Nf3 Kf6 30. Kf1 b5 31. Ke2 a5 32. Nd4 b4 33. b3 a4 34. bxa4 Ra8 35. Nb5 Rxa4 36. Nxd6 exd6 37. Rxd6+ Kf5 38. Rd2 Kg4 39. Kf1 Kh3 40. Kg1 b3 41. a3 Rxa3 42. f3 Ra1+ 43. Kf2 Ra2 44. Ke1 b2 0-1

[Event "*** Titled Tuesday Blitz"]
[Site "Chess.com"]
[Date "2020.11.24"]
[Round "2"]
[White "maximnovik"]
[Black "maciek_92"]
[Result "1-0"]
[WhiteElo "2515"]
[BlackElo "2750"]
[TimeControl "180+1"]
[EndTime "10:33:35 PST"]
[Termination "maximnovik won by resignation"]

1. d4 f5 2. g3 Nf6 3. Bg2 g6 4.
Nf3 Bg7 5. O-O O-O 6. c4 d6 7.
Qb3 h6 8. Rd1 Nc6 9. d5 Ne5 10.
Nxe5 dxe5 11. Nc3 Kh8 12. c5 a6 13. d6 exd6 14. cxd6 cxd6 15. Qa3 Ne8 16. Be3 Rb8 17.
Bc5 b5 18. Bxd6 Nxd6 19. Qxd6 Qxd6 20. Rxd6 Kh7 21. e4 f4 22. Nd5 Rf7 23. Rc1 Bb7 24. Bh3 fxg3 25. hxg3 Rbf8 26. Rc2 h5 27. Be6 Bxd5 28.
exd5 Ra7 29. Rd7 Rxd7 30. Bxd7 e4 31. Be6 Be5 32. Re2 Rd8 33. b3 Kg7 34. Rxe4 Kf6 35. f4 Bc3 36. Kg2 a5 37. Kf3 Bb4 38.
Re2 g5 39. fxg5+ Kxg5 40. Re5+ Kg6 41. Re2 Rf8+ 42. Kg2 Bd6 43. Bd7 b4 44. Re6+ Rf6 45. Be8+ Kg5 46. Rxf6 Kxf6 47. Bxh5 Ke5 48. Bf3 Kd4 49.
g4 Kc3 50. g5 Kb2 51. g6 Be5 52. Bd1 Kxa2 53. Kf3 Kb2 54. Ke4 Bg7 55. d6 Kc1 56. Bg4 a4 57. bxa4 b3 58. Kd5 b2 59. Bf5 1-0

[Event "*** Titled Tuesday Blitz"]
[Site "Chess.com"]
[Date "2020.11.24"]
[Round "2"]
[White "Eternauta2400"]
[Black "Evgeny81"]
[Result "0-1"]
[WhiteElo "2475"]
[BlackElo "2724"]
[TimeControl "180+1"]
[EndTime "10:33:35 PST"]
[Termination "Evgeny81 won on time"]

1. d4 Nf6 2. Bg5 Ne4 3. Bf4 c5 4. f3 Nf6 5. dxc5 Qa5+ 6. Qd2 Qxc5 7. Nc3 d6 8. e4 g6 9. O-O-O Bg7 10. e5 Nh5 11. exd6 Nxf4 12. dxe7 Qxe7 13. Bb5+ Nc6 14. Qxf4 Bxc3 15. Bxc6+ bxc6 16. bxc3 O-O 17. Qb4 Qe3+ 18. Kb1 Be6 19. Qd4 Rab8+ 20. Ka1 Rfd8 21. Qxd8+ Rxd8 22.
Rxd8+ Kg7 23. Nh3 Qxc3+ 24. Kb1 Bxa2+ 25. Kxa2 Qxc2+ 26. Ka3 Qc3+ 27. Ka4 Qc4+ 28. Ka3 Qa6+ 29. Kb3 Qb6+ 30. Kc3 Qxd8 31. Rb1 Qf6+ 32. Kb3 Qe6+ 33. Ka3 Qd6+ 34. Ka4 Qxh2 35. Ng5 Qf4+ 36. Ne4 f5 37.
Rb7+ Kh6 38. g3 Qe5 39. Nd2 Qd4+ 0-1

[Event "*** Titled Tuesday Blitz"]
[Site "Chess.com"]
[Date "2020.11.24"]
[Round "2"]
[White "MVM2008"]
[Black "Snegokhod"]
[Result "0-1"]
[WhiteElo "2160"]
[BlackElo "2427"]
[TimeControl "180+1"]
[EndTime "10:33:36 PST"]
[Termination "Snegokhod won on time"]

1. d4 Nf6 2. Nf3 g6 3. c4 Bg7 4. Nc3 d5 5. cxd5 Nxd5 6. e4 Nxc3 7. bxc3 c5 8. Be3 Qa5 9. Qd2 Nc6 10. Bc4 Bg4 11. Be2 Bxf3 12. Bxf3 cxd4 13. cxd4 Qxd2+ 14. Kxd2 Bxd4 15. Rab1 O-O-O 16. Bxd4 Rxd4+ 17. Ke3 Rhd8 18. Rhc1 Rd3+ 19. Ke2 Rd2+ 20. Ke3 e5 21. Bg4+ Kc7 22. Rc3 Rxa2 23. Rf1 h5 24. Bh3 Rd4 25. f4 Raa4 26. fxe5 Rxe4+ 27. Kd3 Rad4+ 28. Kc2 Rf4 29. Re1 Rde4 30.
Rd1 Rd4 31. Re1 Kd8 32. e6 f5 33. Rg3 Ne7 34. Rb3 b6 35. Ra1 Ra4 36. Rd3+ Ke8 37. Rad1 Rfc4+ 38. Kb2 Kf8 39. Rd8+ Kg7 40. R1d7 Kf6 41.
Re8 Nc6 42. e7 Rab4+ 43. Ka3 Rc5 44. Rf8+ Kg5 0-1

[Event "*** Titled Tuesday Blitz"]
[Site "Chess.com"]
[Date "2020.11.24"]
[Round "2"]
[White "keepitcool9499"]
[Black "IceBelka"]
[Result "1-0"]
[WhiteElo "2623"]
[BlackElo "2331"]
[TimeControl "180+1"]
[EndTime "10:33:37 PST"]
[Termination "keepitcool9499 won on time"]

1. d4 d5 2. c4 e6 3. Nc3 Nf6 4. Nf3 Be7 5. e3 a6 6. Ne5 dxc4 7. Bxc4 b5 8. Be2 Bb7 9. Bf3 Nd5 10. e4 Nxc3 11.
bxc3 O-O 12. O-O Nd7 13. Bf4 Nf6 14. Qe2 c5 15. Rfd1 cxd4 16. cxd4 Qb6 17. a4 Rad8 18. Rab1 Rxd4 19. Rxd4 Qxd4 20. axb5 axb5 21. Qxb5 Bxe4 22. Bxe4 Qxe4 23. Bg3 Nd5 24. Nc6 h6 25. Nxe7+ Nxe7 26.
Bd6 Qh4 27. g3 Qf6 28. Qd7 Qf5 29. Rf1 Ra8 30. Bxe7 Ra2 31. Qd8+ Kh7 32. Qd4 Qf3 33.
Qe3 Qxe3 34. fxe3 f6 35. Bc5 Kg6 36. Rf2 Ra1+ 37. Kg2 Rc1 38. Bd4 e5 39. Bb6 Rc3 40. Rb2 e4 41. g4 h5 42. h3 hxg4 43. hxg4 Rc1 44. Bd4 Rd1 45. Rb7 Rd2+ 46. Kg3 Rc2 47. g5 Kxg5 48. Rxg7+ 1-0

[Event "*** Titled Tuesday Blitz"]
[Site "Chess.com"]
[Date "2020.11.24"]
[Round "2"]
[White "ARTHURMOTIVATOR"]
[Black "theblitzchamp"]
[Result "0-1"]
[WhiteElo "2284"]
[BlackElo "2619"]
[TimeControl "180+1"]
[EndTime "10:33:39 PST"]
[Termination "theblitzchamp won by resignation"]

1. e4 c6 2. d4 d5 3. exd5 cxd5 4. Bd3 Nf6 5. h3 Nc6 6. Nf3 Ne4 7. c3 Bf5 8. O-O e6 9. Re1 Bd6 10. Bf1 O-O 11.
Nbd2 Re8 12. Nxe4 Bxe4 13. Ng5 Bg6 14. Bd3 Ne7 15. Bxg6 Nxg6 16. Nf3 Qb6 17. Ne5 Nxe5 18.
dxe5 Bc5 19. Qe2 Rac8 20. Bg5 d4 21. c4 h6 22. Bh4 d3 23. Qxd3 Qxb2 24. Rab1 Qxa2 25.
Rxb7 Bb6 26. Qf3 Rf8 27. Be7 Qxc4 28. Bxf8 Rxf8 29. g3 Qb4 30. Rd1 Qb5 31. Rdd7 Qxe5 32. Rxf7 Rxf7 33. Qxf7+ Kh7 34. Qf3 Bd4 35. Rd7 Bb6 36.
Qd3+ Kg8 37. Rb7 Qe1+ 38. Qf1 Bxf2+ 39. Kg2 Qe4+ 40. Kxf2 Qxb7 41. Qc4 Qd5 42. Qc8+ Kh7 43. Qc2+ Qf5+ 44. Qxf5+ exf5 0-1

[Event "*** Titled Tuesday Blitz"]
[Site "Chess.com"]
[Date "2020.11.24"]
[Round "2"]
[White "BlackGod93"]
[Black "eightbyeightchess"]
[Result "0-1"]
[WhiteElo "2141"]
[BlackElo "2422"]
[TimeControl "180+1"]
[EndTime "10:33:39 PST"]
[Termination "eightbyeightchess won by checkmate"]

1. d4 d5 2. Nf3 Nf6 3. c4 c6 4. Nbd2 Bf5 5. Nh4 Bg4 6. h3 Bh5 7. g4 Bg6 8. Bg2 e6 9. cxd5 exd5 10. Qb3 b6 11. Nxg6 hxg6 12. e4 dxe4 13. Nxe4 Nxe4 14. Bxe4 Qxd4 15. Qc2 Bb4+ 16. Kf1 O-O 17. Be3 Qe5 18.
h4 Nd7 19. h5 Nf6 20. Bf3 g5 21. h6 g6 22. a3 Bc5 23. Bxc5 bxc5 24. Kg2 Rab8 25.
Rae1 Rxb2 26. Qxg6+ fxg6 27. Rxe5 Rxf2+ 28. Kxf2 Nxg4+ 29. Kg3 Nxe5 30. Be4 Kh7 31. Rb1 Kxh6 32. Rb7 c4 33. Rxa7 Rb8 34. Re7 Rb3+ 35. Kg2 Nd3 36. a4 Nf4+ 37. Kf2 c3 38. Rc7 Rb4 39. Bxc6 Rc4 40. a5 c2 41. a6 c1=Q 42. a7 Qd2+ 43. Kf3 Rc3+ 44. Ke4 Qd3+ 45. Ke5 Qf5+ 46. Kd6 Qe6# 0-1